3L
OAKLAND OAKS @ ECHO PARK LAKERS
09/04/2033
 
TOP OF THE 1ST
Oakland Oaks batting - Pitching for Echo Park Lakers : RHP Mark Collingwood
Pitching: RHP Mark Collingwood
Batting: RHB Alfonso Nazario 0-0: Called Strike
0-1: Ball
1-1: Ball
2-1: Called Strike
2-2: Strikes out looking
Batting: RHB Colin O'Connell 0-0: Foul Ball, location: 2F
0-1: Ball
1-1: Ball
2-1: Called Strike
2-2: Foul Ball, location: 2F
2-2: Fly out, F8 (Flyball, 8RS)
Batting: RHB Yehonatan Chazan 0-0: Ball
1-0: Ball
2-0: TRIPLE (Flyball, 89XD)
Batting: RHB Joseph Papasogli 0-0: Called Strike
0-1: Swinging Strike
0-2: Foul Ball, location: 2F
0-2: Strikes out swinging
Top of the 1st over - 0 runs, 1 hit, 0 errors, 1 left on base; Oakland 0 - Echo Park 0
BOTTOM OF THE 1ST
Echo Park Lakers batting - Pitching for Oakland Oaks : RHP Panda Montana
Pitching: RHP Panda Montana
Batting: SHB Toby Sutton 0-0: Called Strike
0-1: Ball
1-1: Swinging Strike
1-2: Ground out 4-3 (Groundball, 4)
Batting: RHB Bernardo Herrera 0-0: Ball
1-0: Called Strike
1-1: Swinging Strike
1-2: Strikes out looking
Batting: RHB Guillermo Coss 0-0: Called Strike
0-1: Ball
1-1: Foul Ball, location: 2F
1-2: Foul Ball, location: 2F
1-2: Strikes out swinging
Bottom of the 1st over - 0 runs, 0 hits, 0 errors, 0 left on base; Oakland 0 - Echo Park 0
TOP OF THE 2ND
Oakland Oaks batting - Pitching for Echo Park Lakers : RHP Mark Collingwood
Batting: RHB Yosuke Hayashi 0-0: Ball
1-0: Fly out, F5 (Line Drive, 56)
Batting: SHB Luis Luquín 0-0: Fly out, F9 (Flyball, 9)
Batting: LHB Arnold England 0-0: Ball
1-0: Called Strike
1-1: Ground out 1-3 (Groundball, 13)
Top of the 2nd over - 0 runs, 0 hits, 0 errors, 0 left on base; Oakland 0 - Echo Park 0
BOTTOM OF THE 2ND
Echo Park Lakers batting - Pitching for Oakland Oaks : RHP Panda Montana
Batting: RHB Freddy Torres 0-0: Called Strike
0-1: Foul Ball, location: 2F
0-2: Ball
1-2: Ball
2-2: Foul Ball, location: 2F
2-2: Ball
3-2: Foul Ball, location: 2F
3-2: Base on Balls
Batting: RHB António López 0-0: Called Strike
0-1: Ball
1-1: Ball
Freddy Torres steals 2nd base
2-1: Called Strike
2-2: Strikes out swinging
Batting: SHB Rodolphe Nairn 0-0: Fly out, F8 (Flyball, 78D)
Batting: LHB Bartolo Sierra 0-0: Called Strike
0-1: Ball
1-1: Ball
2-1: Ball
3-1: Foul Ball, location: 2F
3-2: Strikes out swinging
Bottom of the 2nd over - 0 runs, 0 hits, 0 errors, 1 left on base; Oakland 0 - Echo Park 0
TOP OF THE 3RD
Oakland Oaks batting - Pitching for Echo Park Lakers : RHP Mark Collingwood
Batting: RHB Esteban Vázquez 0-0: Swinging Strike
0-1: Called Strike
0-2: Ball
1-2: Strikes out looking
Batting: RHB Randy Contreras 0-0: Ball
1-0: Swinging Strike
1-1: Called Strike
1-2: Strikes out swinging
Batting: RHB Alfonso Nazario 0-0: Ball
1-0: Ground out 1-3 (Groundball, 13)
Top of the 3rd over - 0 runs, 0 hits, 0 errors, 0 left on base; Oakland 0 - Echo Park 0
BOTTOM OF THE 3RD
Echo Park Lakers batting - Pitching for Oakland Oaks : RHP Panda Montana
Batting: RHB Danny Walsh 0-0: Ball
1-0: Ball
2-0: Called Strike
2-1: Ball
3-1: Foul Ball, location: 2F
3-2: Base on Balls
Batting: LHB Naohiro Sakai 0-0: Foul Ball, location: 2F
0-1: Called Strike
0-2: Ball
1-2: Ball
2-2: Ground out U3 (Groundball, 3S)
Danny Walsh to second
Batting: SHB Toby Sutton 0-0: Ground out 6-3 (Groundball, 6)
Batting: RHB Bernardo Herrera 0-0: Called Strike
0-1: Ground out 5-3 (Groundball, 56)
Bottom of the 3rd over - 0 runs, 0 hits, 0 errors, 1 left on base; Oakland 0 - Echo Park 0
TOP OF THE 4TH
Oakland Oaks batting - Pitching for Echo Park Lakers : RHP Mark Collingwood
Batting: RHB Colin O'Connell 0-0: Called Strike
0-1: Foul Ball, location: 2F
0-2: Ball
1-2: Strikes out swinging
Batting: RHB Yehonatan Chazan 0-0: Called Strike
0-1: Swinging Strike
0-2: Ball
1-2: Foul Ball, location: 2F
1-2: Ball
2-2: Strikes out swinging
Batting: RHB Joseph Papasogli 0-0: Ball
1-0: Ground out 6-3 (Groundball, 6M)
Top of the 4th over - 0 runs, 0 hits, 0 errors, 0 left on base; Oakland 0 - Echo Park 0
BOTTOM OF THE 4TH
Echo Park Lakers batting - Pitching for Oakland Oaks : RHP Panda Montana
Batting: RHB Guillermo Coss 0-0: Ball
1-0: Swinging Strike
1-1: SINGLE (Groundball, 6D)
Batting: RHB Freddy Torres 0-0: Ball
1-0: Called Strike
Guillermo Coss is caught stealing 2nd base
1-1: Foul Ball, location: 2F
1-2: Foul Ball, location: 2F
1-2: Ball
2-2: Foul Ball, location: 2F
2-2: Ball
3-2: SINGLE (Groundball, 56) (infield hit)
Batting: RHB António López 0-0: Ball
1-0: Foul Ball, location: 2F
1-1: Ball
2-1: Foul Ball, location: 2F
2-2: Foul Ball, location: 2F
2-2: Foul Ball, location: 2F
2-2: Strikes out swinging
Freddy Torres steals 2nd base
Batter strikes out.
Batting: SHB Rodolphe Nairn 0-0: Swinging Strike
0-1: Ball
1-1: Foul Ball, location: 2F
1-2: Ball
2-2: Strikes out swinging
Bottom of the 4th over - 0 runs, 2 hits, 0 errors, 1 left on base; Oakland 0 - Echo Park 0
TOP OF THE 5TH
Oakland Oaks batting - Pitching for Echo Park Lakers : RHP Mark Collingwood
Batting: RHB Yosuke Hayashi 0-0: Called Strike
0-1: Ball
1-1: Called Strike
1-2: Strikes out looking
Batting: SHB Luis Luquín 0-0: Foul Ball, location: 2F
0-1: Ball
1-1: Foul Ball, location: 2F
1-2: Foul Ball, location: 2F
1-2: Fly out, F5 (Line Drive, 56)
Batting: LHB Arnold England 0-0: Swinging Strike
0-1: Foul Ball, location: 2F
0-2: Strikes out looking
Top of the 5th over - 0 runs, 0 hits, 0 errors, 0 left on base; Oakland 0 - Echo Park 0
BOTTOM OF THE 5TH
Echo Park Lakers batting - Pitching for Oakland Oaks : RHP Panda Montana
Batting: LHB Bartolo Sierra 0-0: Called Strike
0-1: Ball
1-1: Foul Ball, location: 2F
1-2: Strikes out swinging
Batting: RHB Danny Walsh 0-0: Swinging Strike
0-1: Ball
1-1: Ball
2-1: Ball
3-1: Foul Ball, location: 2F
3-2: Foul Ball, location: 2F
3-2: Strikes out swinging
Batting: LHB Naohiro Sakai 0-0: Ball
1-0: Foul Ball, location: 2F
1-1: Ground out 4-3 (Groundball, 4S)
Bottom of the 5th over - 0 runs, 0 hits, 0 errors, 0 left on base; Oakland 0 - Echo Park 0
TOP OF THE 6TH
Oakland Oaks batting - Pitching for Echo Park Lakers : RHP Mark Collingwood
Batting: RHB Esteban Vázquez 0-0: Ball
1-0: Swinging Strike
1-1: Ball
2-1: Fly out, F9 (Flyball, 89M)
Batting: RHB Randy Contreras 0-0: Called Strike
0-1: SINGLE (Line Drive, 56)
Batting: RHB Alfonso Nazario 0-0: Swinging Strike
0-1: Ball
1-1: Ball
2-1: Foul Ball, location: 2F
2-2: DOUBLE (Flyball, 8LXD)
Randy Contreras to third
Runner from 3rd tries for Home, SAFE, no throw
Batting: RHB Colin O'Connell 0-0: Ground out 6-3 (Groundball, 6)
Batting: RHB Yehonatan Chazan 0-0: 2-RUN HOME RUN (Flyball, 7D), Distance : 389 ft
Batting: RHB Joseph Papasogli 0-0: Called Strike
0-1: Ball
1-1: Swinging Strike
1-2: Ball
2-2: Reached on error, E1 (Groundball, 15)
Pitching: RHP Rafael García
Batting: RHB Yosuke Hayashi 0-0: Called Strike
0-1: Ball
1-1: Ball
2-1: Foul Ball, location: 2F
2-2: Ball
3-2: Fly out, F6 (Line Drive, 6)
Top of the 6th over - 3 runs, 3 hits, 1 error, 1 left on base; Oakland 3 - Echo Park 0
BOTTOM OF THE 6TH
Echo Park Lakers batting - Pitching for Oakland Oaks : RHP Panda Montana
Batting: SHB Toby Sutton 0-0: Called Strike
0-1: Foul Ball, location: 2F
0-2: Ball
1-2: Ball
2-2: Strikes out swinging
Batting: RHB Bernardo Herrera 0-0: Ball
1-0: Foul Ball, location: 2F
1-1: Swinging Strike
1-2: Strikes out swinging
Batting: RHB Guillermo Coss 0-0: Called Strike
0-1: Ball
1-1: Ground out 6-3 (Groundball, 6)
Bottom of the 6th over - 0 runs, 0 hits, 0 errors, 0 left on base; Oakland 3 - Echo Park 0
TOP OF THE 7TH
Oakland Oaks batting - Pitching for Echo Park Lakers : RHP Rafael García
Batting: SHB Luis Luquín 0-0: Foul Ball, location: 2F
0-1: Ground out 4-3 (Groundball, 4)
Batting: LHB Arnold England 0-0: Ball
1-0: Called Strike
1-1: Called Strike
1-2: Strikes out swinging
Batting: RHB Esteban Vázquez 0-0: Ball
1-0: Ball
2-0: Called Strike
2-1: Foul Ball, location: 2F
2-2: Strikes out swinging
Top of the 7th over - 0 runs, 0 hits, 0 errors, 0 left on base; Oakland 3 - Echo Park 0
BOTTOM OF THE 7TH
Echo Park Lakers batting - Pitching for Oakland Oaks : RHP Panda Montana
Pitching: RHP Dave Stephenson
Batting: RHB Freddy Torres 0-0: Ball
1-0: Called Strike
1-1: SINGLE (Line Drive, 34D)
Batting: RHB António López 0-0: Grounds into double play, 6-4-3 (Groundball, 6)
Batting: SHB Rodolphe Nairn 0-0: Ball
1-0: Called Strike
1-1: Ball
2-1: Ball
3-1: Base on Balls
Batting: LHB Bartolo Sierra 0-0: Called Strike
0-1: Fielders Choice at 2nd, 6-4 (Groundball, 6)
Bottom of the 7th over - 0 runs, 1 hit, 0 errors, 1 left on base; Oakland 3 - Echo Park 0
TOP OF THE 8TH
Oakland Oaks batting - Pitching for Echo Park Lakers : RHP Rafael García
Batting: RHB Randy Contreras 0-0: Ball
1-0: Swinging Strike
1-1: Foul Ball, location: 2F
1-2: Foul Ball, location: 2F
1-2: Ball
2-2: Ball
3-2: Fly out, F6 (Line Drive, 6)
Batting: RHB Alfonso Nazario 0-0: SINGLE (Groundball, 6MD)
Batting: RHB Colin O'Connell 0-0: Called Strike
0-1: Ball
1-1: Ball
2-1: Ball
3-1: SINGLE (Groundball, 4MD)
Alfonso Nazario to second
Runner from 2nd tries for 3rd, SAFE, throw made to third
Batting: RHB Yehonatan Chazan 0-0: Ball
1-0: Ball
2-0: Foul Ball, location: 2F
2-1: Foul Ball, location: 2F
2-2: Ball
3-2: Fly out, F7 (Flyball, 7LS)
Runner from 3rd tags up, SCORES, no throw
Batting: RHB Joseph Papasogli 0-0: Foul Ball, location: 2F
0-1: SINGLE (Line Drive, 6MD)
Colin O'Connell to second
Batting: RHB Yosuke Hayashi 0-0: Fielders Choice at 2nd, 5-4 (Groundball, 5)
Top of the 8th over - 1 run, 3 hits, 0 errors, 2 left on base; Oakland 4 - Echo Park 0
BOTTOM OF THE 8TH
Echo Park Lakers batting - Pitching for Oakland Oaks : RHP Dave Stephenson
Batting: RHB Danny Walsh 0-0: Called Strike
0-1: Ball
1-1: Ball
2-1: Foul Ball, location: 2F
2-2: Foul Ball, location: 2F
2-2: Strikes out swinging
Batting: LHB Naohiro Sakai 0-0: Ball
1-0: Called Strike
1-1: Foul Ball, location: 2F
1-2: Ground out 4-3 (Groundball, 4)
Batting: SHB Toby Sutton 0-0: SINGLE (Line Drive, 3D)
Batting: RHB Bernardo Herrera 0-0: Foul Ball, location: 2F
0-1: Foul Ball, location: 2F
0-2: Ground out 1-3 (Groundball, 13S)
Bottom of the 8th over - 0 runs, 1 hit, 0 errors, 1 left on base; Oakland 4 - Echo Park 0
TOP OF THE 9TH
Oakland Oaks batting - Pitching for Echo Park Lakers : RHP Rafael García
Pitching: RHP Jeffery Prosser
Batting: SHB Luis Luquín 0-0: Called Strike
0-1: Ball
1-1: Swinging Strike
1-2: Foul Ball, location: 2F
1-2: Foul Ball, location: 2F
1-2: Foul Ball, location: 2F
1-2: Strikes out looking
Batting: LHB Arnold England 0-0: Ball
1-0: Ball
2-0: SINGLE (Groundball, 6MD)
Batting: RHB Esteban Vázquez 0-0: Ball
1-0: Called Strike
1-1: Ball
2-1: Ground out U3 (Groundball, 3)
Arnold England to second
Batting: RHB Randy Contreras 0-0: Called Strike
0-1: Foul Ball, location: 2F
0-2: Ball
1-2: Ground out 4-3 (Groundball, 6M)
Top of the 9th over - 0 runs, 1 hit, 0 errors, 1 left on base; Oakland 4 - Echo Park 0
BOTTOM OF THE 9TH
Echo Park Lakers batting - Pitching for Oakland Oaks : RHP Dave Stephenson
Batting: RHB Guillermo Coss 0-0: Ball
1-0: Foul Ball, location: 2F
1-1: Ball
2-1: Ball
3-1: Base on Balls
Batting: RHB Freddy Torres 0-0: Ball
1-0: Ball
2-0: Ball
3-0: Called Strike
3-1: Foul Ball, location: 2F
3-2: Foul Ball, location: 2F
3-2: Strikes out looking
Batting: RHB António López 0-0: Foul Ball, location: 2F
0-1: Foul Ball, location: 2F
0-2: Ball
1-2: Ball
2-2: Ball
3-2: Foul Ball, location: 2F
3-2: Base on Balls
Guillermo Coss to second
Batting: SHB Rodolphe Nairn 0-0: Ball
1-0: Fielders Choice at 2nd, 3-6 (Groundball, 3)
Guillermo Coss to third
Batting: LHB Bartolo Sierra 0-0: Called Strike
0-1: SINGLE (Groundball, 3D)
Guillermo Coss scores
Rodolphe Nairn to second
Batting: RHB Danny Walsh 0-0: Ball
1-0: Ball
2-0: Ball
3-0: Base on Balls
Rodolphe Nairn to third
Bartolo Sierra to second
Batting: LHB Naohiro Sakai 0-0: Ball
1-0: Ball
2-0: Called Strike
2-1: Ball
3-1: Ground out 3-1 (Groundball, 34)
Bottom of the 9th over - 1 run, 1 hit, 0 errors, 3 left on base; Oakland 4 - Echo Park 1
Saturday, December 22nd, 2018 - OOTP Baseball 18.8 Build 76